 Dungeon Crawl Stone Soup version 0.23-a0-239-g84a5ed292d (webtiles) character file.

35 PikkenKukken the Skirmisher (level 3, -1/23 HPs)
             Began as a Gargoyle Fighter on Sept 26, 2018.
             Slain by a gnoll
             ... wielding a +0 flail
              (2 damage)
             ... on level 2 of the Dungeon.
             The game lasted 00:01:16 (648 turns).

PikkenKukken the Skirmisher (Gargoyle Fighter)       Turns: 648, Time: 00:01:17

Health: -1/23      AC: 10    Str: 25    XL:     3   Next: 35%
Magic:  3/3        EV:  8    Int: 12    God:
Gold:   21         SH:  9    Dex:  9    Spells: 2/2 levels left

rFire    . . .     SeeInvis .   a - +1 flail
rCold    . . .     Gourm    .   c - +0 shield
rNeg     + . .     Faith    .   b - +0 scale mail
rPois    ∞         Spirit   .   (no helmet)
rElec    +         Reflect  .   (no cloak)
rCorr    .         Harm     .   (no gloves)
MR       .....                  (no boots)
Stlth    ..........             (no amulet)
HPRegen  0.07/turn              e - +4 ring of intelligence
MPRegen  0.08/turn              (no ring)

@: mighty
A: negative energy resistance 1, electricity resistance, unbreathing,
petrification resistance, rot immunity, AC +3
a: no special abilities


You were on level 2 of the Dungeon.
You were not hungry.

You visited 1 branch of the dungeon, and saw 2 of its levels.

You collected 21 gold pieces.

Inventory:

Hand Weapons
 a - a +1 flail (weapon)
Armour
 b - a +0 scale mail (worn)
 c - a +0 shield (worn)
Jewellery
 e - a +4 ring of intelligence (left hand)
Potions
 h - a potion of flight {unknown}
Comestibles
 f - 4 rations
 g - a chunk of flesh


   Skills:
 + Level 3.6 Fighting
 * Level 2.6 Maces & Flails
 + Level 3.5 Armour
 + Level 0.7 Dodging
 + Level 3.5 Shields


You had 2 spell levels left.
You didn't know any spells.
Your spell library was empty.

Dungeon Overview and Level Annotations

Branches:
Dungeon (2/15)

Altars:


Innate Abilities, Weirdness & Mutations

You are resistant to torment.
Your stone body is resilient. (AC +3)
You are immune to poison.
You resist negative energy. (rN+)
You are resistant to electric shocks. (rElec)
You can survive without breathing.
You are immune to petrification.
You are immune to rotting.


Message History

You have reached level 3!
Your experience leads to an increase in your attributes!
Your base attributes are Str 19, Int 8, Dex 9.
Increase (S)trength, (I)ntelligence, or (D)exterity?
You feel stronger. The gnoll hits you but does no damage.
The gnoll hits you with a club.
* * * LOW HITPOINT WARNING * * *
You sock the gnoll!
The gnoll is almost dead.
You block the gnoll's attack. The gnoll barely misses you. x2
Unknown command.
You sock the gnoll!
You kill the gnoll!
The gnoll hits you but does no damage.
You hit the gnoll but do no damage.
The gnoll hits you but does no damage. x3
Unknown command.
You thump the gnoll!
The gnoll is severely wounded.
The gnoll barely misses you. x2; The gnoll hits you with a flail.
You die...

#..#.#.# #
#..#.#.##. #.#
#........ #.#
#....#.# #.#
#<.....# ...
#....###### ##.##
#....?..... g..
#...###########g# #
#.............#@#.#
##.#.#...####.#.#.#
#...#...####.....#
................#.#
####..##.#######.#.#
####### ### #


You could see 2 gnolls.

Vanquished Creatures
  2 gnolls (D:2)
  A leopard gecko (D:1)
  A ball python (D:2)
  A giant cockroach (D:1)
  A goblin (D:1)
  A hobgoblin (D:1)
  4 bats (D:1)
  A frilled lizard (D:1)
  2 kobolds (D:1)
  4 rats (D:1)
18 creatures vanquished.

Notes
Turn   | Place    | Note
-------+----------+-------------------------------------------
     0 | D:1      | PikkenKukken the Gargoyle Fighter began the quest for the
                  | Orb.
     0 | D:1      | Reached XP level 1. HP: 14/14 MP: 1/1
   313 | D:1      | Reached XP level 2. HP: 16/19 MP: 2/2
   644 | D:2      | Reached XP level 3. HP: 2/23 MP: 3/3
   644 | D:2      | HP: 1/23 [gnoll/club (1)]
   648 | D:2      | Slain by a gnoll

Vault maps used:
D:1:      onia_arrival_pentagram
D:2:      old_standard_altar, serial_glass, glass_columns_a, glass_columns_b,
          glass_columns_b, glass_columns_a

Action                   || total
-------------------------++-------
Melee: Flail             ||    69
  Use: Scroll            ||     2
       Potion            ||     1
Armor: Scale mail        ||    47
Dodge: Dodged            ||    31
Block: Shield            ||    47

Table legend:
 A = Non-vault XP
 B = Vault XP
 C = Vault XP percentage of total XP
 D = Non-vault monster count
 E = Vault monster count
 F = Vault count percentage of total count
                 A         B        C        D         E       F
            +---------+---------+-------+---------+---------+-------
      Total |      51 |       0 |   0.0 |      18 |       0 |   0.0
            +---------+---------+-------+---------+---------+-------
        D:1 |      21 |       0 |   0.0 |      15 |       0 |   0.0
        D:2 |      30 |       0 |   0.0 |       3 |       0 |   0.0
            +---------+---------+-------+---------+---------+-------
